 Dungeon Crawl Stone Soup version 0.29.1-1-gd02db6906a (webtiles) character file.

Game seed: 3816939455936519048

395 Aibolit the Chopper (level 6, -15/55 HPs)
             Began as a Hill Orc Fighter on Sept 24, 2022.
             Was an Initiate of the Shining One.
             Demolished by an ogre
             ... wielding a +0 giant club
              (22 damage)
             ... on level 4 of the Dungeon.
             The game lasted 00:21:19 (4877 turns).

Aibolit the Chopper (Hill Orc Fighter)              Turns: 4877, Time: 00:21:19

Health: -15/55     AC: 10    Str: 21    XL:     6   Next: 82%
Magic:  6/6        EV:  7    Int:  8    God:    the Shining One [......]
Gold:   157        SH:  0    Dex: 10    Spells: 5/5 levels left

rFire   . . .      SeeInvis .   h - +2 mace (holy)
rCold   + . .      Faith    .   c - +0 buckler
rNeg    . . .      Spirit   .   m - +0 chain mail
rPois   .          Reflect  +   o - +0 helmet
rElec   .          Harm     .   (no cloak)
rCorr   .          Rampage  .   (no gloves)
Will    .....                   (no boots)
Stlth   ..........              n - amulet of reflection
HPRegen 0.18/turn               f - ring of protection from fire
MPRegen 0.10/turn               b - ring of ice

@: confused, ambrosia-drunk, glowing
A: no striking features
a: Renounce Religion


You were on level 4 of the Dungeon.
You worshipped the Shining One.
The Shining One was noncommittal.
You visited 2 branches of the dungeon, and saw 6 of its levels.

You collected 157 gold pieces.

Inventory:

Hand Weapons
 h - a +2 mace of holy wrath (weapon)
Missiles
 g - 42 stones
 j - 8 poisoned darts (quivered)
 p - 3 javelins
Armour
 c - a +0 buckler (worn)
 m - a +0 chain mail (worn)
 o - a +0 helmet (worn)
Jewellery
 b - a ring of ice (right hand)
 f - a ring of protection from fire (left hand)
 n - an amulet of reflection (around neck)
Wands
 l - a wand of flame (29)
Scrolls
 a - 3 scrolls of identify
Potions
 d - a potion of brilliance {unknown}
 i - 2 potions of flight
 k - 2 potions of magic


   Skills:
 + Level 4.8 Fighting
 + Level 5.0(5.2) Axes
 + Level 1.9(3.3) Maces & Flails
 + Level 0.5 Throwing
 + Level 4.7 Armour
 + Level 0.8 Dodging
 + Level 0.5 Stealth
 + Level 4.6 Shields
 + Level 0.2 Evocations


You had 5 spell levels left.
You didn't know any spells.
Your spell library contained the following spells:

 Spells                   Type           Power      Damage    Failure   Level
 Apportation              Tloc           0%         N/A       99%         1
 Necrotise                Necr           0%         1d4       99%         1
 Summon Small Mammal      Summ           0%         N/A       99%         1
 Blink                    Tloc           0%         N/A       100%        2
 Scorch                   Fire           0%         2d5       100%        2
 Sublimation of Blood     Necr           0%         N/A       100%        2
 Dazzling Flash           Conj/Hex       0%         N/A       100%        3
 Inner Flame              Hex/Fire       0%         N/A       100%        3
 Flame Wave               Conj/Fire      0%         2d4       100%        4
 Fulminant Prism          Conj/Hex       0%         3d6       100%        4
 Iskenderun's Mystic Bla  Conj/Tloc      0%         2d3       100%        4
 Leda's Liquefaction      Hex/Erth       0%         N/A       100%        4
 Olgreb's Toxic Radiance  Pois           0%         N/A       100%        4
 Petrify                  Tmut/Erth      0%         N/A       100%        4
 Irradiate                Conj/Tmut      0%         3d11      100%        5
 Lee's Rapid Deconstruct  Erth           0%         3d5*      100%        5
 Manifold Assault         Tloc           0%         N/A       100%        5
 Summon Forest            Summ/Tloc      0%         N/A       100%        5
 Summon Mana Viper        Hex/Summ       0%         N/A       100%        5
 Summon Cactus Giant      Summ           0%         N/A       100%        6
 Ozocubu's Refrigeration  Ice            0%         4d7       100%        7
 Storm Form               Tmut/Air       0%         N/A       100%        7
 Ignition                 Fire           0%         3d3       100%        8


Dungeon Overview and Level Annotations

Branches:
Dungeon (5/15)             Temple (1/1) D:4

Altars:
Cheibriados
Dithmenos
Elyvilon
Gozag
Hepliaklqana
Qazlal
Sif Muna
Trog
Vehumet
Wu Jian
Xom
Yredelemnul
Zin
The Shining One

Shops:
D:4 *


Message History

You closely miss the quokka. The quokka bites you.
You barely miss the quokka. The quokka barely misses you.
The quokka bites you but does no damage.
You thump the quokka!
You kill the quokka!
No target in view!
There is a stone staircase leading down here.
You climb downwards.
The orc shouts! x2
The orc priest threatens, "By the altar or by the axe, you will meet Beogh!" (press Y on the ability menu to convert to Beogh)
The orc priest shouts!
The iguana hisses angrily.
The ogre shouts!
You hear a bark!
The orc priest shouts, "Join the one true god or die!"
Found a falchion.
Found a stone staircase leading down.
There is a stone staircase leading up here.
The ogre hits you with a +0 giant club!!
You climb upwards.
There is a stone staircase leading down here.
You hit the ogre.
The ogre is lightly wounded.
You hit the ogre.
The ogre is lightly wounded.
The ogre hits you with a +0 giant club.
You barely miss the ogre.
The ogre is lightly wounded.
The ogre hits you with a +0 giant club!!
* * * LOW HITPOINT WARNING * * *
The ogre attacks as you move away! The ogre hits you with a +0 giant club.
* * * LOW HITPOINT WARNING * * *
You are confused.
You feel invigorated. The ogre hits you with a +0 giant club!
* * * LOW HITPOINT WARNING * * *
You are too injured to fight recklessly!
You are too injured to fight recklessly!
The ogre hits you with a +0 giant club!!
* * * LOW HITPOINT WARNING * * *
You bump into the rock wall.
The ogre hits you with a +0 giant club!!
You die...

.#......#......>#
#.#.#..#.#
##..#..##.##....#
#.#†.....# #.###.##.#####.#
#.#....###
#..#..##.#####.####.#.##.#
##...###...)...##........#
####.#######.....#.#......#
........####....>#.##....##
......#..........#.##.#..#
........####...O@#.##....#
#.......## #.....#.##.##.#
#........# #######.......#
#.....#..# ####.####
###......#### #.#
#.#...)...# #.# #.####.##.#
#.# #.####.##.##### #.#
###...<..##.....#####.#


You could see an ogre.

Vanquished Creatures
  2 black bears
  A phantom (D:4)
  An orc wizard (D:4)
  2 adders
  A worm (D:3)
  3 dart slugs
  6 orcs
  5 ball pythons
  5 endoplasms
  7 giant cockroaches
  7 goblins
  4 hobgoblins
  6 jackals
  11 kobolds
  2 quokkas
  4 bats
  5 frilled lizards
  4 rats
76 creatures vanquished.

Vanquished Creatures (collateral kills)
  A rat (D:3)
1 creature vanquished.

Grand Total: 77 creatures vanquished

Notes
Turn   | Place    | Note
-------+----------+-------------------------------------------
     0 | D:1      | Aibolit the Hill Orc Fighter began the quest for the Orb.
     0 | D:1      | Reached XP level 1. HP: 19/19 MP: 1/1
    67 | D:1      | Reached skill level 3 in Axes
   108 | D:1      | Reached XP level 2. HP: 27/27 MP: 2/2
  1211 | D:2      | Reached XP level 3. HP: 19/33 MP: 3/3
  1214 | D:2      | Found a faded altar of an unknown god.
  2416 | D:3      | Reached XP level 4. HP: 41/41 MP: 4/4
  2705 | D:3      | Noticed a black bear
  2725 | D:3      | Killed a black bear
  2726 | D:3      | Reached skill level 4 in Axes
  2726 | D:3      | Reached XP level 5. HP: 11/47 MP: 5/5
  3096 | D:3      | Got Zauschog's Grimoire of the Oath
  4164 | D:4      | Noticed a phantom
  4170 | D:4      | Killed a phantom
  4171 | D:4      | Reached skill level 1 in Maces & Flails
  4171 | D:4      | Reached XP level 6. HP: 46/53 MP: 6/6
  4266 | D:4      | Noticed a black bear
  4272 | D:4      | Killed a black bear
  4273 | D:4      | Reached skill level 5 in Axes
  4318 | D:4      | Found a staircase to the Ecumenical Temple.
  4397 | Temple   | Entered the Ecumenical Temple
  4476 | Temple   | Became a worshipper of the Shining One
  4530 | D:4      | Found Kosmiw's Assorted Antiques.
  4865 | D:5      | Entered Level 5 of the Dungeon
  4876 | D:4      | HP: 2/55 [ogre/+0 giant club (18)]
  4877 | D:4      | Demolished by an ogre

Illustrated notes

Levels and vault maps discovered:
D:1:      eino_arrival_cavern_c, layout_loops_ring
D:2:      layout_loops_corners, ebering_ecumenical_altar_rust,
          nicolae_kite_square_tiling_tiny
D:3:      minmay_octagon_keep, layout_basic, nicolae_figureground_sparkle
D:4:      layout_loops_cross, temple_pool_b, serial_shops, nicolae_shop_crystal
D:5:      layout_rooms, gammafunk_ghost_grave, uniq_grinder
Temple:   nicolae_temple_great_sept

Skill      XL: |  1  2  3  4  5  6 |
---------------+-------------------+-----
Axes           | 3 4 5 |  5.0
Fighting       | 4 |  4.8
Shields        | 4 |  4.6
Maces & Flails | 1 |  1.9
Armour         | 4 |  4.7
Throwing       | |  0.5
Dodging        | |  0.8
Stealth        | |  0.5
Evocations     | |  0.2

Action                   |  1- 3 |  4- 6 || total
-------------------------+-------+-------++-------
Melee: War axe           |   131 |    31 ||   162
       Mace              |       |    69 ||    69
Throw: Stone             |       |     2 ||     2
       Dart              |       |     1 ||     1
Evoke: Wand              |       |     4 ||     4
  Use: Potion            |     5 |     5 ||    10
       Scroll            |     2 |     3 ||     5
Armor: Scale mail        |    62 |       ||    62
       Chain mail        |       |    48 ||    48
Dodge: Dodged            |    67 |    31 ||    98
Block: Buckler           |    34 |    50 ||    84
       Reflection        |       |     1 ||     1
